 Dungeon Crawl Stone Soup version 0.27-a0-1140-g099f9bb0e8 (webtiles) character file.

Game seed: 18400364688548797465

4305 reriks the Blocker (level 10, 0/64 HPs)
             Began as a Gargoyle Fighter on May 8, 2021.
             Was an Initiate of Qazlal.
             Splashed by an acid dragon's acid (15 damage)
             ... on level 8 of the Dungeon.
             The game lasted 00:13:04 (11256 turns).

reriks the Blocker (Gargoyle Fighter)              Turns: 11256, Time: 00:13:05

Health: 0/64       AC: 19    Str: 23    XL:     10   Next: 32%
Magic:  10/10      EV:  7    Int:  9    God:    Qazlal [......]
Gold:   75         SH: 11    Dex: 13    Spells: 9/9 levels left

rFire    . . .     SeeInvis .   a - +1 war axe
rCold    + . .     Faith    .   t - +0 kite shield of Disguise {rC+ Dex+4}
rNeg     + . .     Spirit   .   i - +0 plate armour
rPois    ∞         Reflect  .   (no helmet)
rElec    +         Harm     .   x - +0 cloak
rCorr    .         Rampage  .   n - +0 pair of gloves
Will     .....                  (no boots)
Stlth    ..........             (no amulet)
HPRegen  0.20/turn              j - +4 ring of protection
MPRegen  0.12/turn              (no ring)

@: about to teleport, corroded
A: sickness immunity, AC +7, negative energy resistance 1, electricity
resistance, torment resistance 1, unbreathing 1, petrification resistance
a: Renounce Religion


You were on level 8 of the Dungeon.
You worshipped Qazlal.
Qazlal was noncommittal.
You visited 2 branches of the dungeon, and saw 9 of its levels.

You collected 360 gold pieces.
You spent 285 gold pieces at shops.

Inventory:

Hand Weapons
 a - a +1 war axe (weapon)
Missiles
 u - 2 throwing nets (quivered)
 y - 2 curare-tipped darts
Armour
 b - a +0 scale mail
 c - a +0 kite shield
 i - a +0 plate armour (worn)
 n - a +0 pair of gloves (worn)
 t - the +0 kite shield of Disguise (worn) {rC+ Dex+4}
   (You bought it in a shop on level 1 of the Dungeon)

   It affects your dexterity (+4).
   It protects you from cold.
 v - a +0 pair of gloves
 x - a +0 cloak (worn)
 B - the +4 ring mail of Theory {rC+ rN++ Str+4}
   (You found it on level 7 of the Dungeon)

   It affects your strength (+4).
   It protects you from cold.
   It greatly protects you from negative energy.
Magical Staves
 d - a staff of air
Jewellery
 j - a +4 ring of protection (left hand)
Wands
 z - a wand of acid (7)
 C - a wand of paralysis (9)
Scrolls
 e - 2 scrolls of silence
 f - a scroll of fog
 h - 2 scrolls of teleportation
 o - 3 scrolls of enchant weapon
 A - 3 scrolls of identify
 D - a scroll of enchant armour {unknown}
Potions
 g - a potion of resistance
 k - a potion of heal wounds
 l - 2 potions of haste
 m - a potion of attraction {unknown}
 p - a potion of mutation {unknown}
 q - 2 potions of might
 r - 2 potions of invisibility {unknown}
 s - a potion of lignification {unknown}
 w - a potion of ambrosia {unknown}
 E - 2 potions of magic {unknown}


   Skills:
 + Level 7.9 Fighting
 + Level 6.2 Axes
 + Level 7.9 Armour
 + Level 5.4 Dodging
 + Level 8.0 Shields


You had 9 spell levels left.
You didn't know any spells.
Your spell library contained the following spells:

 Spells                   Type           Power      Damage    Failure   Level
 Corona                   Hex            0%         N/A       100%        1
 Magic Dart               Conj           0%         1d3       100%        1
 Summon Small Mammal      Summ           0%         N/A       100%        1
 Blink                    Tloc           N/A        N/A       100%        2
 Call Imp                 Summ           0%         N/A       100%        2
 Ensorcelled Hibernation  Hex/Ice        0%         N/A       100%        2
 Slow                     Hex            0%         N/A       100%        2
 Call Canine Familiar     Summ           0%         N/A       100%        3
 Confusing Touch          Hex            0%         N/A       100%        3
 Conjure Flame            Conj/Fire      0%         6-21      100%        3
 Dazzling Flash           Conj/Hex       0%         N/A       100%        3
 Mephitic Cloud           Conj/Pois/Air  0%         N/A       100%        3
 Summon Guardian Golem    Hex/Summ       0%         N/A       100%        3
 Tukima's Dance           Hex            0%         N/A       100%        3
 Summon Ice Beast         Ice/Summ       0%         N/A       100%        4
 Summon Lightning Spire   Summ/Air       0%         N/A       100%        4


Dungeon Overview and Level Annotations

Branches:
Dungeon (8/15)             Temple (1/1) D:7
   Lair: D:8-11

Altars:
Ashenzari
Cheibriados
Dithmenos
Elyvilon
Gozag
Hepliaklqana
Kikubaaqudgha
Makhleb
Nemelex Xobeh
Qazlal
Ru
Uskayaw
Wu Jian
Xom
The Shining One

Shops:
D:1 [   D:8 ?

Annotations:
D:7 Harold


Innate Abilities, Weirdness & Mutations

You are immune to sickness and miasma.
Your stone body is resilient. (AC +7)
You are immune to poison.
You resist negative energy. (rN+)
You are resistant to electric shocks. (rElec)
You are resistant to unholy torment.
You can survive without breathing.
You are immune to petrification.


Message History

The acid dragon bites you but does no damage.
The acid dragon claws you but does no damage.
A kobold comes into view. It is wielding a +0 club.
You block the orc warrior's attack.
The acid dragon bites you but does no damage.
The acid dragon claws you but does no damage.
You barely miss the orc warrior.
The orc warrior is heavily wounded.
You slash the kobold brigand! You hit the acid dragon.
You block the kobold brigand's attack.
The orc warrior hits you with a +0 glaive!
You block the acid dragon's attack. x2
A kobold comes into view. It is wielding a +0 dagger.
You hit the orc warrior.
The orc warrior is severely wounded.
You hit the kobold brigand. You hit the acid dragon.
An orc wizard comes into view. It is wielding a +0 dagger.
You block the orc warrior's attack.
The acid dragon bites you but does no damage.
The acid dragon claws you.
The kobold brigand hits you but does no damage.
You barely miss the orc warrior.
The orc warrior is severely wounded.
You closely miss the kobold brigand. You miss the kobold.
You closely miss the acid dragon. You block the kobold's attack.
You block the orc warrior's attack. The acid dragon bites you.
The acid dragon claws you but does no damage.
The kobold brigand hits you but does no damage.
The orc warrior hits you but does no damage.
The kobold barely misses you. The acid dragon bites you.
The acid dragon barely misses you.
As you read the scroll of teleportation, it crumbles to dust.
You feel strangely unstable.
The kobold brigand hits you but does no damage.
You block the orc warrior's attack. You block the kobold's attack.
The acid dragon spits acid at you. The splash of acid hits you!
* * * LOW HITPOINT WARNING * * *
The acid corrodes you!
You are splashed with acid!
You die...

#...........
##..........
##.....##..
####### # . ..
####### ##..#
##...KK##.....
##...>@DKKo....
#......o.......
#..............
#..............
#>.............
#..............
#..............
##..$..........
##.....##.....


You could see an orc warrior, an acid dragon (catching breath), a kobold
brigand, an orc wizard and 3 kobolds.

Vanquished Creatures
  Grinder (D:3)
  Prince Ribbit (D:6)
  Sigmund (D:3)
  3 water moccasins
  Duvessa (D:6)
  2 black bears (D:5)
  2 sky beasts (D:7)
  An orc warrior (D:5)
  An ice beast (D:5)
  3 hornet zombies
  A necrophage (D:7)
  An ogre (D:5)
  A centaur (D:6)
  A phantom (D:5)
  2 kobold brigands (D:7)
  Blork the orc (D:6)
  3 bullfrogs
  2 scorpions
  Dowan (D:6)
  3 killer bees (D:7)
  A water moccasin skeleton (D:6)
  A wight (D:7)
  2 howler monkeys
  4 bullfrog zombies
  A jelly (D:6)
  2 gnoll shamans (D:4)
  6 hounds
  Crazy Yiuf (D:6)
  2 orc priests (D:5)
  A bullfrog skeleton (D:5)
  2 centaur skeletons (D:7)
  6 iguanas
  Jessica (D:2)
  A scorpion zombie (D:5)
  4 orc wizards
  A killer bee zombie (D:8)
  A howler monkey zombie (D:7)
  20 gnolls
  A howler monkey skeleton (D:7)
  7 adders
  2 shadow imps
  A white imp (D:5)
  An adder skeleton (D:5)
  3 worms
  3 dart slugs
  17 orcs
  10 endoplasms
  6 giant cockroaches
  5 goblins
  7 hobgoblins
  7 jackals
  15 kobolds
  3 quokkas
  6 ball pythons
  A ball python zombie (D:3)
  8 bats
  8 frilled lizards
  3 rats
203 creatures vanquished.

Vanquished Creatures (others)
  8 fungi (D:8)
  2 plants (D:8)
10 creatures vanquished.

Grand Total: 213 creatures vanquished

Notes
Turn   | Place    | Note
-------+----------+-------------------------------------------
     0 | D:1      | reriks the Gargoyle Fighter began the quest for the Orb.
     0 | D:1      | Reached XP level 1. HP: 14/14 MP: 1/1
   100 | D:1      | Reached XP level 2. HP: 9/19 MP: 2/2
   955 | D:1      | Reached XP level 3. HP: 23/23 MP: 3/3
  1139 | D:1      | Found Bemic's Antique Armour Boutique.
  1509 | D:2      | Found a faded altar of an unknown god.
  1558 | D:2      | Reached skill level 1 in Dodging
  1774 | D:2      | Noticed Jessica
  1807 | D:2      | Killed Jessica
  1808 | D:2      | Reached XP level 4. HP: 20/29 MP: 4/4
  2158 | D:3      | Reached skill level 4 in Shields
  2270 | D:3      | Reached XP level 5. HP: 27/33 MP: 5/5
  3086 | D:3      | Noticed Sigmund
  3093 | D:3      | Killed Sigmund
  3094 | D:3      | Reached XP level 6. HP: 39/39 MP: 6/6
  3146 | D:3      | Noticed Grinder
  3150 | D:3      | Paralysed by Grinder for 4 turns
  3172 | D:3      | Paralysed by Grinder for 3 turns
  3182 | D:3      | Killed Grinder
  3183 | D:3      | Reached skill level 5 in Shields
  3183 | D:3      | Reached XP level 7. HP: 31/44 MP: 7/7
  3782 | D:4      | Reached skill level 5 in Fighting
  3793 | D:5      | Entered Level 5 of the Dungeon
  4016 | D:5      | Reached skill level 5 in Armour
  4452 | D:5      | Found an opulent altar of Gozag.
  4682 | D:6      | Noticed Dowan
  4722 | D:5      | Reached XP level 8. HP: 43/50 MP: 8/8
  6061 | D:5      | Reached skill level 6 in Shields
  6068 | D:5      | Identified the +4 long sword "Beommiar" {vorpal, rF- Dex+5}
  6427 | D:5      | Reached XP level 9. HP: 55/55 MP: 9/9
  6486 | D:5      | Found a burning altar of Makhleb.
  6487 | D:5      | Found a white marble altar of Elyvilon.
  6489 | D:5      | Found an ornate altar of the Wu Jian Council.
  6693 | D:5      | Reached skill level 5 in Axes
  6924 | D:1      | Bought a polished kite shield for 285 gold pieces
  6924 | D:1      | Identified the +0 kite shield of Disguise {rC+ Dex+4} (You
                  | bought it in a shop on level 1 of the Dungeon)
  7056 | D:5      | Found a sacrificial altar of Ru.
  7338 | D:5      | Found a glowing golden altar of the Shining One.
  7430 | D:6      | Killed Dowan
  7468 | D:6      | Noticed Duvessa
  7494 | D:6      | Killed Duvessa
  7654 | D:6      | Noticed Prince Ribbit
  7663 | D:6      | Reached skill level 7 in Shields
  8073 | D:6      | Killed Prince Ribbit
  8151 | D:6      | Found a hazy altar of Hepliaklqana.
  8417 | D:6      | Found a runed translucent door.
  8418 | D:6      | Noticed Crazy Yiuf
  8655 | D:6      | Noticed Blork the orc
  8661 | D:6      | Killed Blork the orc
  8973 | D:6      | Killed Crazy Yiuf
  9054 | D:7      | Reached skill level 5 in Dodging
  9055 | D:7      | Reached XP level 10. HP: 62/63 MP: 10/10
  9604 | D:7      | Identified the +4 ring mail of Theory {rC+ rN++ Str+4}
  9731 | D:7      | Found a staircase to the Ecumenical Temple.
  9752 | Temple   | Entered the Ecumenical Temple
  9885 | Temple   | Became a worshipper of Qazlal Stormbringer
 10175 | D:8      | Found Pegowk's Magic Scroll Shoppe.
 10486 | D:8      | Noticed Harold
 10504 | D:7      | Reached skill level 8 in Shields
 11256 | D:8      | Splashed by an acid dragon's acid

Illustrated notes

Levels and vault maps discovered:
D:1:      dpeg_arrival_concentric_ovals, layout_rooms, serial_shops,
          nicolae_shop_waterfront, minmay_hexomino_u4
D:2:      layout_basic, chequers_ecumenical_altar_simple_redux,
          minmay_liquid_box, uniq_jessica
D:3:      layout_basic, minmay_unequal, uniq_sigmund, uniq_grinder
D:4:      layout_gridville
D:5:      cheibrodos_barr_body, layout_loops_ring, tso_altar,
          nicolae_ru_awakened_eye, overflow_temple_1_default,
          chequers_temple_overflow_statue_of_worship, minmay_between
D:6:      layout_loops_corners, lemuel_crystal_altar, uniq_blork_the_orc,
          uniq_duvessa, uniq_crazy_yiuf_cottage, uniq_prince_ribbit1
D:7:      layout_cave_pools, minmay_temple_entry_statues, minmay_starry_boxes
D:8:      layout_rooms, fedhas_altar_3, ebering_ghost_rock_garden,
          chequers_ossuary_entry_cave, serial_shops,
          nicolae_shop_window_shopping, shop, nicolae_shop_crystal,
          nicolae_shop_competitors_out_of_business, uniq_maggie, uniq_harold
Temple:   nicolae_temple_figure_eight

Skill      XL: |  1  2  3  4  5  6  7  8  9 10 |
---------------+-------------------------------+-----
Axes           | 2 3 4 5 6 |  6.2
Dodging        | 1 2 3 5 |  5.4
Shields        | 4 5 6 7 8 |  8.0
Fighting       | 4 5 6 7 |  7.9
Armour         | 4 5 6 7 |  7.9

Action                   |  1- 3 |  4- 6 |  7- 9 | 10-12 || total
-------------------------+-------+-------+-------+-------++-------
Melee: War axe           |   132 |   146 |   504 |   168 ||   950
       Unarmed           |       |       |       |    14 ||    14
Evoke: Wand              |       |       |       |     6 ||     6
  Use: Scroll            |       |     5 |     6 |     1 ||    12
       Potion            |       |     1 |     1 |       ||     2
Armor: Scale mail        |    92 |   142 |    54 |       ||   288
       Plate armour      |       |       |   377 |   160 ||   537
Dodge: Dodged            |    49 |    60 |   168 |    66 ||   343
Block: Kite shield       |    86 |   112 |   380 |   139 ||   717

Table legend: (Time is in decaauts)
 A = Elapsed time spent in this place.
 B = Non-inter-level travel time spent in this place.
 C = Inter-level travel time spent in this place.
 D = Time resting spent in this place.
 E = Time spent auto-exploring this place.
 F = Levels seen in this place.
 G = Mean time per level.
                   A        B        C        D        E       F      G
               +--------+--------+--------+--------+--------+-----+--------+
         Total |  11706 |  11172 |    534 |   4805 |   4188 |   9 | 1300.7 |
       Dungeon |  11545 |  11038 |    507 |   4805 |   4061 |   8 | 1443.1 |
        Temple |    161 |    134 |     27 |      0 |    127 |   1 |  161.0 |
               +--------+--------+--------+--------+--------+-----+--------+

Top non-repeatable levels by time:
     D:6: 2338 daAuts
     D:5: 2329 daAuts
     D:7: 1604 daAuts
     D:4: 1454 daAuts
     D:3: 1438 daAuts
     D:1: 1415 daAuts
     D:2: 900 daAuts
  Temple: 161 daAuts
     D:8: 64 daAuts
